 Dungeon Crawl Stone Soup version 0.17-a0-2055-gb4e23be (webtiles) character file.

18509 4thArraOfDagon the Cleaver (level 12, -11/72 HPs)
             Began as a Gargoyle Gladiator on Oct 11, 2015.
             Was a Priest of Cheibriados.
             Mangled by Rupert
             ... wielding a +3 great mace of crushing
              (14 damage)
             ... on level 14 of the Dungeon.
             The game lasted 00:32:36 (5614 turns).

4thArraOfDagon the Cleaver (Gargoyle Gladiator)     Turns: 5614, Time: 00:32:36

Health: -11/72     AC: 17    Str: 29    XL:     12   Next: 59%
Magic:  15/18      EV: 17    Int: 22    God:    Cheibriados [***...]
Gold:   372        SH:  0    Dex: 17    Spells: 0 memorised, 11 levels left

rFire  . . .     SeeInvis .     w - +1 battleaxe
rCold  . . .     Clarity  .     B - troll hide
rNeg   + + .     SustAt   .     (no shield)
rPois  ∞         Gourm    .     c - +0 helmet
rElec  +         Spirit   .     t - +0 cloak
rCorr  .         Warding  +     (no gloves)
rMut   .         Stasis   .     k - +2 pair of boots
MR     .....                    G - amulet of warding
Stlth  +.........               (no ring)
                                p - +2 ring of strength

@: exhausted, slowed, very slow, not resistant to hostile enchantments, very
unstealthy
A: breathe flames 1, clever 1, negative energy resistance 1, electricity
resistance, unbreathing, petrification resistance, rot immunity, AC +8
a: Bend Time, Temporal Distortion, Renounce Religion, Breathe Fire


You were on level 14 of the Dungeon.
You worshipped Cheibriados.
Cheibriados was most pleased with you.
You were not hungry.

You visited 1 branch of the dungeon, and saw 15 of its levels.
You also visited: Labyrinth.

You collected 476 gold pieces.
You spent 104 gold pieces at shops.

Inventory:

Hand Weapons
 i - a +2 hand axe of flaming
 w - a +1 battleaxe (weapon)
Missiles
 x - 7 javelins (quivered)
Armour
 c - a +0 helmet (worn)
 k - a +2 pair of boots (worn)
 l - a +0 plate armour
 s - a +0 pair of boots
 t - a +0 cloak (worn)
 B - a troll hide (worn)
Rods
 v - a +5 rod of inaccuracy (13/13)
   (You found it in a labyrinth)
Jewellery
 p - a +2 ring of strength (left hand)
 G - an amulet of warding (around neck)
Wands
 g - a wand of teleportation (0)
 j - a wand of paralysis (8)
 m - a wand of disintegration (14)
 r - a wand of paralysis (17)
 u - a wand of flame (12)
 y - a wand of slowing (20)
 z - a wand of draining (9)
 H - a wand of lightning (1)
 J - a wand of cold (3)
 L - a wand of lightning (9)
Scrolls
 a - 3 scrolls of fog
 n - 3 scrolls of remove curse
 A - a scroll of enchant weapon
Potions
 b - a potion of flight
 f - a potion of curing
 q - 2 potions of haste
 C - a potion of cure mutation
Comestibles
 e - 5 bread rations
 h - 8 fruits
 o - 2 meat rations
 D - a beef jerky
 F - a slice of pizza


   Skills:
 - Level 7.3 Fighting
 * Level 11.1 Axes
 - Level 1.7 Throwing
 + Level 9.1 Armour
 + Level 7.4 Dodging
 + Level 9.1 Invocations
 + Level 5.2 Evocations


You had 11 spell levels left.
You didn't know any spells.

Dungeon Overview and Level Annotations

Branches:
Dungeon (15/15)
 Temple: D:4-7         Lair: D:8-11         Orc: D:9-12      Vaults: D:13-14
 Depths: D:15

Altars:
Ashenzari
Cheibriados
Dithmenos
Fedhas
Gozag
Ru
Sif Muna

Shops:
D:10 %   D:12 *

Annotations:
D:9 LARI
D:14 Azrael, Rupert


Innate Abilities, Weirdness & Mutations

You are resistant to torment.
Your stone body is resilient (AC +8).
You are immune to poison.
You resist negative energy.
You are resistant to electric shocks.
You can survive without breathing.
You are immune to petrification.
You are immune to rotting.
You can breathe flames.
Your mind is acute. (Int +2)


Message History

Unknown command.
Unknown command.
Unknown command.
Unknown command.
Unknown command.
Evoke which item? (* to show all) (? for menu, Esc to quit)
Zapping:
L - a wand of lightning (will waste charges)
Press: ? - help, Shift-Dir - straight line
Okay, then.
Evoke which item? (* to show all) (? for menu, Esc to quit)
Okay, then.
Evoke which item? (* to show all) (? for menu, Esc to quit)
Zapping:
J - a wand of cold (will waste charges)
Press: ? - help, Shift-Dir - straight line, f - Rupert
Aim: Rupert, wielding a great mace of crushing and wearing a ring mail (severely wounded, berserk, fast, unusually strong)
The bolt of cold hits Rupert.
Rupert is severely wounded.
Evoking this partially-identified wand wasted a few charges.
Rupert hits you with a great mace of crushing!
You die...

......######.....
......#(...######
......#.......... ###
#.#+####... #####.#
#.#....#... #.....#
####.#....#... #.....#
#....# ...#... #.....#
####.###'##... #....@#
#.......... ####@##
#..........
#............#..........
#............#..........
....##+####...#...#######
... ..#...# ..... ..
.#...+ ..... . #...#
..... #.. .....


You could see Rupert (berserk).

Vanquished Creatures
  Agnes (D:15)
  A minotaur (Lab)
  A centaur warrior (D:13)
  The ghost of Ijustatesigmund the Transmogrifier, a novice OpTm (D:9)
  A hill giant (D:15)
  A manticore (D:13)
  An ugly thing (D:12)
  A griffon (D:15)
  4 cyclopes
  2 centaur skeletons
  A gargoyle (D:14)
  2 kobold demonologists (D:13)
  2 two-headed ogres (D:13)
  3 trolls
  9 slime creatures
  A wraith (D:13)
  2 basilisks
  3 hungry ghosts
  2 deep elf magi
  2 hippogriffs
  7 yaks
  4 wolves
  A wyvern (D:14)
  A mottled dragon (D:13)
  5 orc warriors
  A phantom (D:8)
  A wasp (D:15)
  An ice beast (D:6)
  7 centaurs
  3 sky beasts
  6 ogres
  2 big kobolds (D:13)
  5 giant frogs
  A wyvern zombie (D:12)
  10 wights
  8 killer bees
  2 scorpions
  A centaur zombie (D:9)
  6 crimson imps
  A giant frog zombie (D:7)
  2 jellies (D:8)
  5 hounds
  6 worker ants
  2 iguanas
  4 orc priests
  6 orc wizards
  2 sheep (D:14)
  2 hound skeletons (D:8)
  A worker ant zombie (D:9)
  8 adders
  2 shadow imps
  A worm (D:3)
  2 giant geckos (D:1)
  41 orcs
  A bat (D:2)
  4 giant cockroaches
  5 goblins
  5 hobgoblins
  22 jackals
  11 kobolds
  4 giant newts
  4 quokkas
  A quokka zombie (D:8)
  2 rats
257 creatures vanquished.

Notes
Turn   | Place    | Note
--------------------------------------------------------------
     0 | D:1      | 4thArraOfDagon the Gargoyle Gladiator began the quest for the Orb.
     0 | D:1      | Reached XP level 1. HP: 12/12 MP: 1/1
    41 | D:1      | Reached skill level 3 in Axes
    41 | D:1      | Reached XP level 2. HP: 12/17 MP: 2/2
    96 | D:1      | Reached skill level 1 in Armour
   119 | D:1      | Reached XP level 3. HP: 9/22 MP: 3/3
   176 | D:2      | Found a shadowy altar of Dithmenos.
   263 | D:2      | Found a snail-covered altar of Cheibriados.
   268 | D:2      | Found an opulent altar of Gozag.
   271 | D:2      | Became a worshipper of Cheibriados the Contemplative
   482 | D:3      | Found a sacrificial altar of Ru.
   503 | D:3      | Found a shattered altar of Ashenzari.
   526 | D:3      | Acquired Cheibriados's first power
   526 | D:3      | Reached XP level 4. HP: 27/27 MP: 4/4
   591 | D:4      | Reached skill level 1 in Invocations
   612 | D:4      | Reached skill level 4 in Axes
   665 | D:4      | Reached XP level 5. HP: 21/32 MP: 5/5
   909 | D:5      | Entered Level 5 of the Dungeon
   938 | D:5      | Found a blossoming altar of Fedhas.
   938 | D:5      | Found a deep blue altar of Sif Muna.
   959 | D:5      | Reached XP level 6. HP: 37/37 MP: 7/7
  1252 | D:5      | Noticed a centaur
  1261 | D:5      | Killed a centaur
  1261 | D:5      | Reached skill level 5 in Axes
  1261 | D:5      | Reached XP level 7. HP: 34/42 MP: 8/8
  1386 | D:6      | Acquired Cheibriados's second power
  1826 | D:7      | Reached XP level 8. HP: 24/48 MP: 3/10
  1938 | D:7      | Reached skill level 6 in Axes
  2154 | D:8      | Reached skill level 5 in Fighting
  2238 | D:8      | Reached XP level 9. HP: 51/54 MP: 12/12
  2323 | D:9      | Reached skill level 5 in Armour
  2424 | D:8      | Reached skill level 7 in Axes
  2424 | D:8      | Reached skill level 5 in Invocations
  2519 | D:8      | Acquired Cheibriados's third power
  2566 | D:8      | :(
  2566 | D:8      | no regen
  2566 | D:8      | RIP
  2569 | D:8      | Gained mutation: Your mind is acute. (Int +2) [mutagenic meat]
  2570 | D:8      | Gained mutation: You can breathe flames. [mutagenic meat]
  2689 | D:9      | Reached skill level 5 in Dodging
  2730 | D:9      | Noticed Ijustatesigmund's ghost (novice OpTm)
  2762 | D:9      | Killed Ijustatesigmund's ghost
  2762 | D:9      | Reached XP level 10. HP: 53/61 MP: 14/14
  2764 | D:10     | Entered Level 10 of the Dungeon
  2814 | D:10     | Reached skill level 8 in Axes
  2828 | D:10     | Found an opulent altar of Gozag.
  2968 | D:9      | :)
  3014 | D:10     | Found Viefukum's Food Emporium.
  3023 | D:10     | You fall through a shaft for 2 floors!
  3027 | D:12     | Reached skill level 1 in Evocations
  3053 | D:12     | Noticed a cyclops
  3068 | D:12     | Killed a cyclops
  3073 | D:12     | Noticed a green ugly thing
  3087 | D:12     | Killed a green ugly thing
  3174 | D:11     | Found a labyrinth entrance.
  3183 | Lab      | Entered a labyrinth
  3561 | Lab      | :(
  3566 | Lab      | RIP
  3598 | Lab      | wrong side
  4104 | Lab      | Noticed a minotaur
  4109 | Lab      | Killed a minotaur
  4109 | Lab      | Reached skill level 9 in Axes
  4112 | Lab      | ROTFL
  4208 | D:11     | Reached XP level 11. HP: 67/67 MP: 16/16
  4248 | D:12     | Found Nediarei's General Store.
  4255 | D:12     | Bought a scroll of identify for 26 gold pieces
  4255 | D:12     | Bought 3 scrolls of fog for 78 gold pieces
  4269 | D:12     | Noticed a cyclops
  4276 | D:12     | Killed a cyclops
  4407 | D:12     | Acquired Cheibriados's fourth power
  4590 | D:13     | Noticed a centaur warrior
  4599 | D:13     | Killed a centaur warrior
  4606 | D:13     | Reached skill level 10 in Axes
  4742 | D:12     | Noticed a cyclops
  4750 | D:12     | Killed a cyclops
  4901 | D:14     | Reached XP level 12. HP: 63/72 MP: 12/18
  4995 | D:14     | HP: 2/72 [cyclops (25)]
  5234 | D:15     | Entered Level 15 of the Dungeon
  5296 | D:15     | Noticed Agnes
  5296 | D:15     | Identified a +5 rod of inaccuracy (13/13) (You found it in a labyrinth)
  5301 | D:15     | Killed Agnes
  5399 | D:15     | Reached skill level 11 in Axes
  5467 | D:15     | Reached skill level 5 in Evocations
  5574 | D:14     | Noticed Azrael
  5584 | D:14     | Noticed Rupert
  5596 | D:14     | Paralysed by Rupert for 7 turns
  5607 | D:14     | Paralysed by Rupert for 3 turns
  5613 | D:14     | HP: 2/72 [Rupert/great mace of crushing (2)]
  5614 | D:14     | Mangled by Rupert

Vault maps used:
D:1:      ncdulo_halloftheorcs
D:2:      nicolae_dithmenos_through_a_glass_darkly, minitemple, first_bread,
          uniq_sigmund
D:3:      lemuel_coloured_pillars_altar, grunt_temple_overflow_open,
          lemuel_crystal_altar, ecumenical_altar_2
D:4:      grunt_temple_overflow_order_and_chaos_1, nemelex_altar_shiori,
          uniq_edmund, uniq_pikel
D:5:      gammafunk_temple_overflow_elements,
          minmay_temple_entry_enclosed_plants, dk_rats_in_the_wall
D:9:      erik_lair_island, serial_shops,
          nicolae_shop_competitors_out_of_business
D:10:     erik_orc_1, serial_shops, shop_statue, basic_altar
D:11:     serial_shops, nicolae_shop_temple_entry_statues_fountains,
          lab_entry_generic
D:12:     serial_shops, shop, hangedman_stone_soup, minmay_variable_closet
D:13:     grunt_gozag_statues
D:14:     david_vaults_1, uniq_rupert, uniq_azrael
D:15:     grunt_enter_depths_magical_seal, uniq_agnes, uniq_sonja

Action                   |  1- 3 |  4- 6 |  7- 9 | 10-12 || total
-------------------------+-------+-------+-------+-------++-------
Melee: War axe           |   129 |   141 |   113 |       ||   383
       Hand axe          |       |       |   196 |       ||   196
       Battleaxe         |       |       |     8 |   373 ||   381
Throw: Throwing net      |     7 |     4 |       |       ||    11
Invok: Bend Time         |       |     1 |    12 |    12 ||    25
       Slouch            |       |       |     1 |     8 ||     9
Evoke: Wand              |       |       |     2 |     9 ||    11
  Use: Potion            |     1 |     3 |       |     2 ||     6
       Scroll            |       |       |     9 |    12 ||    21
 Stab: Held in net/web   |     1 |     1 |       |       ||     2
       Paralysed         |       |       |       |     4 ||     4
       Sleeping          |       |       |       |     1 ||     1
  Eat: Pizza             |       |     1 |     1 |       ||     2
       Chunk             |       |       |     4 |    11 ||    15
       Bread ration      |       |       |       |     2 ||     2
